 Dungeon Crawl Stone Soup version 0.24.0-123-gd5b16e6ec5 (webtiles) character file.

Game seed: 3125373538019060409, levelgen mode: deterministic

177 Goreval the Magician (level 5, -9/37 HPs)
             Began as a Gnoll Wizard on Dec 17, 2019.
             Mangled by a gnoll
             ... wielding a +0 flail
              (13 damage)
             ... on level 2 of the Dungeon.
             The game lasted 00:06:16 (3100 turns).

Goreval the Magician (Gnoll Wizard)                 Turns: 3100, Time: 00:06:17

Health: -9/37      AC:  2    Str:  9    XL:     5   Next: 57%
Magic:  9/14       EV: 14    Int: 21    God:
Gold:   102        SH:  0    Dex: 14    Spells: 10/18 levels left

rFire    . . .     SeeInvis .   o - +0 spear (freeze)
rCold    . . .     Gourm    .   (no shield)
rNeg     . . .     Faith    .   a - +0 robe
rPois    .         Spirit   .   b - +0 hat
rElec    .         Reflect  .   (no cloak)
rCorr    .         Harm     .   (no gloves)
MR       .....                  (no boots)
Stlth    +++.......             (no amulet)
HPRegen  0.12/turn              (no ring)
MPRegen  0.14/turn              (no ring)

@: no status effects
A: distributed training, fangs 1, strong nose
a: no special abilities


You were on level 2 of the Dungeon.
You were not hungry.

You visited 1 branch of the dungeon, and saw 3 of its levels.

You collected 102 gold pieces.

Inventory:

Hand Weapons
 o - a +0 spear of freezing (weapon)
Missiles
 g - 31 poisoned darts (quivered)
 n - 22 arrows
Armour
 a - a +0 robe (worn)
 b - a +0 hat (worn)
 k - a +0 ring mail
 t - a +0 pair of boots
Magical Staves
 p - an uncursed staff of energy {unknown}
Jewellery
 r - an uncursed ring of positive energy {unknown}
 w - a +3 amulet of reflection {unknown}
 x - an uncursed ring of flight {unknown}
Wands
 v - a wand of digging (5)
Scrolls
 e - a scroll of teleportation {unknown}
 f - 2 scrolls of magic mapping {unknown}
 j - 3 scrolls of identify {unknown}
 m - a scroll of enchant armour {unknown}
Potions
 c - a potion of mutation {unknown}
 h - 3 potions of might {unknown}
 i - 3 potions of curing {unknown}
 l - a potion of brilliance {unknown}
 q - 2 potions of flight {unknown}
 u - a potion of agility {unknown}
Comestibles
 d - 5 rations
 s - 4 chunks of flesh


   Skills:
 + Level 1.5 Fighting
 + Level 1.5 Short Blades
 + Level 1.5 Long Blades
 + Level 1.5 Axes
 + Level 1.5 Maces & Flails
 + Level 1.5 Polearms
 + Level 1.5 Staves
 + Level 1.5 Slings
 + Level 1.5 Bows
 + Level 1.5 Crossbows
 + Level 1.5 Throwing
 + Level 1.5 Armour
 + Level 4.8 Dodging
 + Level 4.4 Stealth
 + Level 1.5 Shields
 + Level 1.5 Unarmed Combat
 + Level 7.3 Spellcasting
 + Level 2.4 Conjurations
 + Level 1.2 Hexes
 + Level 1.2 Charms
 + Level 2.4 Summonings
 + Level 1.2 Necromancy
 + Level 2.4 Translocations
 + Level 1.2 Transmutations
 + Level 1.2 Fire Magic
 + Level 1.2 Ice Magic
 + Level 1.2 Air Magic
 + Level 1.2 Earth Magic
 + Level 1.2 Poison Magic
 + Level 1.7 Invocations
 + Level 1.5 Evocations


You had 10 spell levels left.
You knew the following spells:

 Your Spells              Type           Power        Failure   Level  Hunger
a - Magic Dart            Conj           ###.         3%          1    None
b - Mephitic Cloud        Conj/Pois/Air  ##......     13%         3    None
n - Blink                 Tloc           N/A          4%          2    None
z - Call Imp              Summ           ###.....     4%          2    None

Your spell library contained the following spells:

 Spells                   Type           Power        Failure   Level  Hunger
 Slow                     Hex            ##......     8%          2    None
 Conjure Flame            Conj/Fire      ###.....     12%         3    None


Dungeon Overview and Level Annotations

Branches:
Dungeon (3/15)

Altars:
Xom

Annotations:
D:3 1 runed translucent door, Crazy Yiuf


Innate Abilities, Weirdness & Mutations

Your experience applies equally to all skills.
You have very sharp teeth.
Your uncanny sense of smell can sniff out nearby items.


Message History

The gnoll closely misses you. The gnoll hits you but does no damage.
Your white imp gestures at the gnoll.
The puff of frost hits the gnoll!
You hit the gnoll. You freeze the gnoll.
You kill the gnoll!
The gnoll misses you.
The gnoll hits you from afar with a +0 halberd!
You hit the gnoll but do no damage.
Your white imp gestures at the gnoll.
The puff of frost hits the gnoll!
The gnoll hits you with a +0 flail!
The gnoll hits your white imp with a +0 halberd.
Your white imp gestures at the gnoll.
The puff of frost hits the gnoll!
The gnoll dies!
The gnoll hits you with a +0 flail!
* * * LOW HITPOINT WARNING * * *
You climb upwards.
Your summoned allies are left behind.
There is a stone staircase leading down here.
The gnoll hits you with a +0 flail!
You die...

#.# ####### #.# #.#
#.....# #.# #.# #.....#
#.# #.# #..)..#####.# #.#
#...........#
#.####.....#####.#
#.............##.#
..######.####.##.#
#.######.####.##@#
...............g>#
#.######.####)####
#.######.####.###########
.............<..........#
#.######.##############.#
#.###....## #.#
..........# #.#
..###....## #.#


You could see a gnoll.

Vanquished Creatures
  Jessica (D:2)
  A hound skeleton (D:2)
  2 gnolls (D:3)
  2 adders (D:2)
  2 oozes
  4 worms
  4 dart slugs
  2 leopard geckos
  4 orcs (D:3)
  7 bats
  A giant cockroach (D:2)
  5 goblins
  6 hobgoblins
  6 kobolds
  3 ball pythons
  2 frilled lizards
  8 rats
60 creatures vanquished.

Vanquished Creatures (collateral kills)
  Ijyb (D:3)
  A gnoll (D:3)
  A bat (D:3)
3 creatures vanquished.

Vanquished Creatures (others)
  4 toadstools (D:1)
4 creatures vanquished.

Grand Total: 67 creatures vanquished

Notes
Turn   | Place    | Note
-------+----------+-------------------------------------------
     0 | D:1      | Goreval the Gnoll Wizard began the quest for the Orb.
     0 | D:1      | Reached XP level 1. HP: 13/13 MP: 8/8
   211 | D:1      | Reached XP level 2. HP: 13/19 MP: 7/10
   463 | D:1      | Learned a level 2 spell: Blink
   466 | D:1      | Learned a level 2 spell: Call Imp
   904 | D:1      | Found an iron altar of Okawaru.
   906 | D:1      | Found a shattered altar of Ashenzari.
   906 | D:1      | Found a sparkling altar of Nemelex Xobeh.
   908 | D:1      | Found a shattered altar of Ashenzari.
   908 | D:1      | Found a shimmering altar of Xom.
   908 | D:1      | Found a radiant altar of Vehumet.
  1300 | D:2      | Noticed Jessica
  1309 | D:2      | Killed Jessica
  1309 | D:2      | Reached skill level 1 in Invocations
  1309 | D:2      | Reached XP level 3. HP: 22/25 MP: 4/11
  1474 | D:2      | Reached skill level 1 in Fighting
  1474 | D:2      | Reached skill level 1 in Short Blades
  1474 | D:2      | Reached skill level 1 in Long Blades
  1474 | D:2      | Reached skill level 1 in Axes
  1474 | D:2      | Reached skill level 1 in Maces & Flails
  1474 | D:2      | Reached skill level 1 in Polearms
  1474 | D:2      | Reached skill level 1 in Staves
  1474 | D:2      | Reached skill level 1 in Slings
  1474 | D:2      | Reached skill level 1 in Bows
  1474 | D:2      | Reached skill level 1 in Crossbows
  1474 | D:2      | Reached skill level 1 in Throwing
  1474 | D:2      | Reached skill level 1 in Armour
  1474 | D:2      | Reached skill level 1 in Shields
  1474 | D:2      | Reached skill level 1 in Unarmed Combat
  1474 | D:2      | Reached skill level 1 in Evocations
  1552 | D:2      | Reached XP level 4. HP: 25/32 MP: 11/13
  2144 | D:2      | Reached skill level 1 in Hexes
  2144 | D:2      | Reached skill level 1 in Charms
  2144 | D:2      | Reached skill level 1 in Necromancy
  2144 | D:2      | Reached skill level 1 in Transmutations
  2144 | D:2      | Reached skill level 1 in Fire Magic
  2144 | D:2      | Reached skill level 1 in Ice Magic
  2144 | D:2      | Reached skill level 1 in Air Magic
  2144 | D:2      | Reached skill level 1 in Earth Magic
  2144 | D:2      | Reached skill level 1 in Poison Magic
  2498 | D:2      | Learned a level 3 spell: Mephitic Cloud
  2567 | D:3      | Reached XP level 5. HP: 37/37 MP: 9/14
  2959 | D:3      | Noticed Ijyb
  2981 | D:3      | Killed Ijyb
  3051 | D:3      | Found a runed translucent door.
  3052 | D:3      | Noticed Crazy Yiuf
  3100 | D:2      | Mangled by a gnoll

Levels and vault maps discovered:
D:1:      ldierk_walled_garden_2, layout_basic, doesnt_xom_only_xom
D:2:      layout_basic, first_ration, uniq_jessica
D:3:      layout_rooms, uniq_ijyb, uniq_crazy_yiuf_cottage

Skill      XL: |  1  2  3  4 |
---------------+-------------+-----
Conjurations   | 2 |  2.4
Summonings     | 2 |  2.4
Translocations | 2 |  2.4
Invocations    | 1 |  1.7
Fighting       | 1 |  1.5
Short Blades   | 1 |  1.5
Long Blades    | 1 |  1.5
Axes           | 1 |  1.5
Maces & Flails | 1 |  1.5
Polearms       | 1 |  1.5
Staves         | 1 |  1.5
Slings         | 1 |  1.5
Bows           | 1 |  1.5
Crossbows      | 1 |  1.5
Throwing       | 1 |  1.5
Armour         | 1 |  1.5
Shields        | 1 |  1.5
Unarmed Combat | 1 |  1.5
Evocations     | 1 |  1.5
Hexes          | 1 |  1.2
Charms         | 1 |  1.2
Necromancy     | 1 |  1.2
Transmutations | 1 |  1.2
Fire Magic     | 1 |  1.2
Ice Magic      | 1 |  1.2
Air Magic      | 1 |  1.2
Earth Magic    | 1 |  1.2
Poison Magic   | 1 |  1.2
Dodging        | |  4.8
Stealth        | |  4.4
Spellcasting   | |  7.3

Action                   |  1- 3 |  4- 6 || total
-------------------------+-------+-------++-------
Melee: Spear             |    38 |    39 ||    77
       Bite              |     1 |     2 ||     3
       Punch             |       |     1 ||     1
Throw: Dart              |     2 |     4 ||     6
 Cast: Magic Dart        |    41 |    74 ||   115
       Call Imp          |       |     4 ||     4
 Stab: Sleeping          |     1 |     1 ||     2
  Eat: Chunk             |     2 |     5 ||     7
Armor: Robe              |     2 |     6 ||     8
Dodge: Dodged            |    27 |    25 ||    52
